 Dungeon Crawl Stone Soup version 0.18-a0-1745-gffa9a88 (webtiles) character file.

670 inmateoo the Skirmisher (level 7, -1/63 HPs)
             Began as a Minotaur Necromancer on Apr 12, 2016.
             Was an Initiate of Okawaru.
             Slain by a phantom (6 damage)
             ... on level 5 of the Dungeon.
             The game lasted 00:06:16 (4353 turns).

inmateoo the Skirmisher (Minotaur Necromancer)      Turns: 4353, Time: 00:06:16

Health: -1/63      AC:  7    Str: 14      XL:     7   Next: 32%
Magic:  8/8        EV: 11    Int: 12      God:    Okawaru [......]
Gold:   174        SH:  0    Dex:  6 (11) Spells: 1 memorised, 7 levels left

rFire  . . .     SeeInvis .     n - +1 quarterstaff
rCold  . . .     Gourm    .     p - +0 leather armour
rNeg   . . .     Faith    .     (shield currently unavailable)
rPois  .         Spirit   .     k - +1 hat
rElec  .         Dismiss  .     (no cloak)
rCorr  .         Reflect  .     a - +2 pair of gloves
SustAt .         Harm     .     (no boots)
MR     .....                    g - amulet of magic regeneration
Stlth  +.........               (no ring)
                                (no ring)

@: not resistant to hostile enchantments, very unstealthy
A: retaliatory headbutt, horns 2
a: Renounce Religion


You were on level 5 of the Dungeon.
You worshipped Okawaru.
Okawaru was noncommittal.
You were very hungry.

You visited 1 branch of the dungeon, and saw 5 of its levels.

You collected 174 gold pieces.

Inventory:

Hand Weapons
 n - a +1 quarterstaff (weapon)
 o - a +2 short sword of freezing
Armour
 a - a +2 pair of gloves (worn)
 k - a +1 hat (worn)
 p - a +0 leather armour (worn)
Jewellery
 g - an amulet of magic regeneration (around neck)
Scrolls
 d - a scroll of fog
 j - 2 scrolls of remove curse
 r - 2 scrolls of enchant armour
Potions
 m - 2 potions of resistance
Books
 b - a book of Necromancy

   Spells                             Type                      Level
   a - Pain                           Necromancy                   1
   b - Animate Skeleton               Necromancy                   1
   c - Vampiric Draining              Necromancy                   3
   d - Regeneration                   Charms/Necromancy            3
   e - Animate Dead                   Necromancy                   4
   f - Control Undead                 Necromancy                   4
Comestibles
 c - 2 bread rations
 f - 3 chunks of flesh


   Skills:
 + Level 6.2 Fighting
 * Level 6.0 Staves
 + Level 2.2 Armour
 + Level 3.0 Dodging
 - Level 1.5 Stealth
 - Level 1.3 Spellcasting
 - Level 2.9 Necromancy


You had 7 spell levels left.
You knew the following spells:

 Your Spells              Type           Power        Failure   Level  Hunger
a - Pain                  Necr           #...         12%         1    ##.....


Dungeon Overview and Level Annotations

Branches:
Dungeon (5/15)
 Temple: D:4-7

Altars:
Dithmenos
Okawaru

Annotations:
D:4 Eustachio
D:5 Pikel


Innate Abilities, Weirdness & Mutations

You reflexively headbutt those who attack you in melee.
You have a pair of horns on your head.


Message History

The slave hits you.
* * * LOW HITPOINT WARNING * * *
The slave barely misses you. You furiously retaliate!
You headbutt the slave.
Unknown command.
You sock the phantom!
The phantom is moderately damaged.
The phantom barely misses you. The slave barely misses you.
The slave misses you.
Unknown command.
You hit the phantom. Your headbutt misses the phantom.
The phantom is heavily damaged.
The phantom barely misses you. You furiously retaliate!
You headbutt the phantom. The slave hits you!
* * * LOW HITPOINT WARNING * * *
The slave closely misses you.
Unknown command.
You thump the phantom!
The phantom is almost destroyed.
The phantom hits you.
You die...

#.#.# #...+ #.###......
##.#.# #...####.##..#.♣.♣
#..p.####P................
#.........................
#.........................
#.>.##.###..##............
#<..##.##..)..............
######.##W#######.........
###.##@# #######...
#...ppp# ### #...pK##
#.....# #.....# #.....#
#.....# #.....# #.....#


You could see Pikel, a phantom and 4 slaves.

Vanquished Creatures
  2 ogres (D:4)
  A centaur (D:5)
  The ghost of slayr the Magician, an amateur DEWz (D:3)
  A hound (D:5)
  2 giant frog skeletons
  Natasha (thrice) (D:2)
  2 iguanas (D:4)
  A worker ant (D:4)
  A howler monkey zombie (D:3)
  4 adders (D:2)
  3 dart slugs (D:2)
  2 giant geckos
  A ball python (D:2)
  12 bats
  4 giant cockroaches
  7 goblins
  9 hobgoblins
  4 jackals (D:2)
  4 giant newts
  8 kobolds
  5 rats
77 creatures vanquished.

Notes
Turn   | Place    | Note
--------------------------------------------------------------
     0 | D:1      | inmateoo the Minotaur Necromancer began the quest for the Orb.
     0 | D:1      | Reached XP level 1. HP: 14/14 MP: 1/1
    32 | D:1      | Reached skill level 1 in Fighting
    81 | D:1      | Reached XP level 2. HP: 13/24 MP: 3/3
   871 | D:2      | Reached XP level 3. HP: 9/31 MP: 4/4
  1602 | D:2      | Noticed Natasha
  1623 | D:2      | Killed Natasha
  1623 | D:2      | Reached skill level 1 in Staves
  1623 | D:2      | Reached XP level 4. HP: 41/41 MP: 5/5
  1821 | D:2      | Noticed Natasha
  1827 | D:2      | Killed Natasha
  1867 | D:2      | Noticed Natasha
  1882 | D:2      | Killed Natasha
  1882 | D:2      | Reached skill level 5 in Fighting
  1882 | D:2      | Reached XP level 5. HP: 12/48 MP: 6/6
  2187 | D:2      | Found a shadowy altar of Dithmenos.
  2259 | D:3      | Noticed slayr's ghost (amateur DEWz)
  2450 | D:4      | Noticed an ogre
  2452 | D:4      | Noticed an ogre
  2455 | D:4      | Killed an ogre
  2455 | D:4      | Reached XP level 6. HP: 56/56 MP: 7/7
  2616 | D:4      | Noticed Eustachio
  2785 | D:3      | Killed slayr's ghost
  2785 | D:3      | Reached skill level 5 in Staves
  3327 | D:4      | Reached skill level 1 in Armour
  3763 | D:4      | Reached XP level 7. HP: 54/63 MP: 8/8
  3792 | D:4      | Paralysed by Eustachio for 3 turns
  3827 | D:4      | Paralysed by Eustachio for 5 turns
  4168 | D:5      | Entered Level 5 of the Dungeon
  4284 | D:5      | Found an iron altar of Okawaru.
  4293 | D:5      | Became a worshipper of Warmaster Okawaru
  4331 | D:5      | Noticed Pikel
  4353 | D:5      | Slain by a phantom

Vault maps used:
D:1:      eino_arrival_tree_alley
D:2:      grunt_dithmenos_smoke, uniq_natasha
D:4:      first_bread, supply_closet_lemuel, uniq_eustachio
D:5:      corexii_shack_village, lightli_temple_of_fire, vehumet_statue,
          lemuel_temple_firewalk, nicolae_ossuary_entry_catacombs,
          okawaru_trees_1, uniq_pikel

Skill      XL: |  1  2  3  4  5  6  7 |
---------------+----------------------+-----
Fighting       | 2 3 4 5 6 |  6.2
Staves         | 1 2 4 5 6 |  6.0
Armour         | 1 2 |  2.2
Dodging        | 3 |  3.0
Stealth        | |  1.5
Spellcasting   | |  1.3
Necromancy     | |  2.9

Action                   |  1- 3 |  4- 6 |  7- 9 || total
-------------------------+-------+-------+-------++-------
Melee: Unarmed           |    27 |       |       ||    27
       Dagger            |    61 |       |       ||    61
       Quarterstaff      |    18 |   101 |    30 ||   149
  Use: Scroll            |     8 |     2 |     2 ||    12
       Potion            |     2 |       |     5 ||     7
 Stab: Sleeping          |       |     1 |       ||     1
  Eat: Chunk             |     2 |     6 |     1 ||     9
       Beef jerky        |       |       |     1 ||     1
